 Dungeon Crawl Stone Soup version 0.28-a0-1143-gcf6077d4cc (webtiles) character file.

Game seed: 12097674669344925927

5 spaghetti the Sneak (level 1, -2/18 HPs)
             Began as a Mummy Delver on Dec 14, 2021.
             Killed from afar by a white imp (5 damage)
             ... with a puff of frost
             ... on level 6 of the Dungeon.
             The game lasted 00:00:56 (73 turns).

spaghetti the Sneak (Mummy Delver)                    Turns: 73, Time: 00:00:56

Health: -2/18      AC:  3    Str: 13    XL:     1   Next: 66%
Magic:  1/1        EV: 11    Int:  9    God:
Gold:   14         SH:  0    Dex: 13    Spells: 0/0 levels left

rFire   x . .      SeeInvis .   a - +0 falchion {long}
rCold   + . .      Faith    +   (no shield)
rNeg    + + +      Spirit   .   b - +0 leather armour
rPois   ∞          Reflect  .   (no helmet)
rElec   .          Harm     .   (no cloak)
rCorr   .          Rampage  .   (no gloves)
Will    .....                   (no boots)
Stlth   ++........              g - amulet of Duaxt {Faith Str-2 Slay+5}
HPRegen 0.06/turn               (no ring)
MPRegen 0.07/turn               (no ring)

@: no status effects
A: cold resistance 1, negative energy resistance 3, torment resistance 2, heat
vulnerability 1, no potions
a: no special abilities


You were on level 6 of the Dungeon.
You visited 1 branch of the dungeon, and saw 2 of its levels.

You collected 14 gold pieces.


Innate Abilities, Weirdness & Mutations

You are immune to poison.
Your flesh is cold resistant. (rC+)
You are immune to negative energy. (rN+++)
You are immune to unholy pain and torment.
You are vulnerable to heat. (rF-)
You do not drink.


   Skills:
 - Level 3.0 Fighting
 - Level 1.5 Long Blades
 - Level 1.5 Dodging
 + Level 4.3 Stealth


You couldn't memorise any spells.
You didn't know any spells.
Your spell library contained the following spells:

 Spells                   Type           Power      Damage    Failure   Level
 Gell's Gravitas          Tloc           0%         N/A       83%         3
 Lesser Beckoning         Tloc           0%         N/A       83%         3
 Teleport Other           Tloc           0%         N/A       83%         3

Inventory:

Hand Weapons
 a - a +0 falchion (weapon) {long}
Armour
 b - a +0 leather armour (worn)
Jewellery
 g - the amulet of Duaxt (around neck) {Faith Str-2 Slay+5}
   (You acquired it on level 5 of the Dungeon)

   [amulet of faith]

   It allows you to gain divine favour quickly.
   Str:       It affects your strength (-2).
   Slay:      It affects your accuracy & damage with ranged weapons and melee
   (+5).
Wands
 f - a wand of digging (3)
Scrolls
 c - a scroll of fog
 d - a scroll of magic mapping {!r}

Dungeon Overview and Level Annotations

Branches:
Dungeon (6/15)
 Temple: D:4-7

Altars:

### ..# # #5# ..###.
#.# #
......####.#######.#
. #.(..(.......5@..#
..#.###.##.#########
$. #.##.# #.###.##.#
# #.....##.#
#.####5###.##.
.......#......
.h..........#
######.###.##


You could see a white imp.


Message History

Options error: Delay interrupt name "hungry" not recognised. (~/.crawlrc:4771) ✅ Successfully initialized magus.rc [v1.9.6] Welcome, spaghetti the Mummy Delver.
The transcendent Orb of Zot lies far below, as if waiting for you to find it.
Press ? for a list of commands and other information.
Found a scroll labelled ROL OHOULIKU.
Found a stone staircase leading down.
g - a scroll labelled ROL OHOULIKU This is a scroll of acquirement!
Unknown command.
Unknown command.
Something appears at your feet!
Unknown command.
Unknown command.
g - the amulet of Duaxt {Faith Str-2 Slay+5} You start putting on your amulet.
You continue putting on the amulet of Duaxt {Faith Str-2 Slay+5}. x5
You finish putting on the amulet of Duaxt {Faith Str-2 Slay+5}.
You feel a strange surge of divine interest.
You feel weaker.
g - the amulet of Duaxt (around neck) {Faith Str-2 Slay+5} Unknown command.
Unknown command.
You now have 14 gold pieces. 3 gnolls come into view.
The gnoll shouts!
The gnoll shouts!
There is a stone staircase leading down here.
The gnoll hits you with a +0 club.
You climb downwards.
You hear the sound of rushing water.
There is an entrance to a sewer on this level.
Hurry and find it before the portal rusts away!
There is a stone staircase leading up here. 😕 HP[-1]
You take 1 damage, and now have 17/18 hp.
Unknown command.
Unknown command.
Unknown command.
Unknown command.
You closely miss the gnoll.
The gnoll hits you with a +0 club. 😮 HP[-5]
You take 5 damage, and now have 12/18 hp.
MASSIVE DAMAGE!! (PAUSE) Unknown command.
Unknown command.
You can't drink.
You closely miss the gnoll. The gnoll hits you with a +0 club.
* * * LOW HITPOINT WARNING * * *
😨 HP[-5]
You take 5 damage, and now have 7/18 hp.
MASSIVE DAMAGE!! (PAUSE) Unknown command.
Unknown command.
As you read the scroll of fear, it crumbles to dust.
You assume a fearsome visage.
The gnoll looks frightened!
A gnoll is nearby!
An adder comes into view.
You pick up a book of Displacement and begin reading...
You add the spells Lesser Beckoning, Gell's Gravitas and Teleport Other to your library.
Unknown command. 😨 HP[+1]
A hound and a white imp come into view.
The white imp shouts, "Bolt, thou dissembling saucy minnow reeky!"
The white imp gestures at you. The puff of frost misses you.
An ufetubus comes into view.
The ufetubus shouts! 😨 HP[+1]
Okay, then.
You can't drink.
Okay, then.
The white imp disappears for a moment.
The ufetubus barely misses you. The ufetubus closely misses you.
You closely miss the ufetubus. The ufetubus barely misses you.
The ufetubus hits you but does no damage.
The ufetubus hits you.
* * * LOW HITPOINT WARNING * * *
The ufetubus barely misses you. 😨 HP[-3]
You take 3 damage, and now have 6/18 hp.
Unknown command.
Unknown command.
Unknown command.
You barely miss the ufetubus. The ufetubus hits you.
* * * LOW HITPOINT WARNING * * *
The ufetubus barely misses you. 😱 HP[-3]
You take 3 damage, and now have 3/18 hp.
Unknown command.
Unknown command.
Unknown command.
You can't drink.
Okay, then.
Okay, then.
You slash the ufetubus!
You kill the ufetubus!
You slash the white imp! The white imp closely misses you.
You hit the white imp but do no damage. The white imp gestures at you.
The puff of frost hits you. You resist.
You die...

Action                   || total
-------------------------++-------
Melee: Falchion          ||     7
  Use: Scroll            ||     2
Armor: Leather armour    ||     1
Dodge: Dodged            ||     7

Levels and vault maps discovered:
D:5:      layout_loops_ring
D:6:      layout_loops_ring, minmay_temple_entry_fiery,
          cheibrodos_sewer_entry_sluice, kennysheep_generic_room_9, uniq_duvessa

Notes
Turn   | Place    | Note
-------+----------+-------------------------------------------
     0 | D:5      | spaghetti the Mummy Delver began the quest for the Orb.
     0 | D:5      | Reached XP level 1. HP: 18/18 MP: 1/1
     0 | D:5      | magus.rc [v1.9.6]
     5 | D:5      | Identified a scroll of acquirement
     5 | D:5      | Acquired the amulet of Duaxt {Faith Str-2 Slay+5}
    48 | D:6      | You pick up a book of Displacement and begin reading...
    48 | D:6      | You add the spells Lesser Beckoning, Gell's Gravitas and
                  | Teleport Other to your library.
    52 | D:6      | Noticed a hound
    70 | D:6      | HP: 3/18 [ufetubus (3)]
    73 | D:6      | Killed from afar by a white imp

Vanquished Creatures
  An ufetubus (D:6)
1 creature vanquished.

Table legend:
 A = Non-vault XP
 B = Vault XP
 C = Vault XP percentage of total XP
 D = Non-vault monster count
 E = Vault monster count
 F = Vault count percentage of total count
                 A         B        C        D         E       F
            +---------+---------+-------+---------+---------+-------
      Total |       8 |       0 |   0.0 |       1 |       0 |   0.0
            +---------+---------+-------+---------+---------+-------
        D:6 |       8 |       0 |   0.0 |       1 |       0 |   0.0
            +---------+---------+-------+---------+---------+-------

Illustrated notes

Table legend:
 A = Kills in this place as a percentage of kills in entire the game.
 B = Kills by you in this place as a percentage of kills by you in the entire game.
 C = Kills by friends in this place as a percentage of kills by friends in the entire game.
 D = Other kills in this place as a percentage of other kills in the entire game.
 E = Experience gained in this place as a percentage of experience gained in the entire game.
 F = Experience gained in this place divided by the number of levels of this place that you have seen.
                   A       B       C       D       E      F
               +-------+-------+-------+-------+-------+----------------------
         Total | 100.0 | 100.0 |   N/A |   N/A | 100.0 |   4.0
       Dungeon | 100.0 | 100.0 |   N/A |   N/A | 100.0 |   4.0
               +-------+-------+-------+-------+-------+----------------------

Table legend: (Time is in decaauts)
 A = Elapsed time spent in this place.
 B = Non-inter-level travel time spent in this place.
 C = Inter-level travel time spent in this place.
 D = Time resting spent in this place.
 E = Time spent auto-exploring this place.
 F = Levels seen in this place.
 G = Mean time per level.
                   A        B        C        D        E       F      G
               +--------+--------+--------+--------+--------+-----+--------+
         Total |     74 |     74 |      0 |      0 |     11 |   2 |   37.0 |
       Dungeon |     74 |     74 |      0 |      0 |     11 |   2 |   37.0 |
               +--------+--------+--------+--------+--------+-----+--------+

Top non-repeatable levels by time:
     D:6: 41 daAuts
     D:5: 33 daAuts
